cohdb
Replays
Latest Replays
All Replays
Popular Replays
Top Player Replays
Match Explorer
How It Works
Community
CoH3 Stats
Reddit
Sign in to upload your games and track your stats! →
Sign in with Steam
Match 20915566
Unlisted
Match 20915566
Overview
Messages
Build Orders
End
Panzergrenadier Squad
Kradschützen Motorcycle Team
Selects Armored Support Battlegroup
Panzergrenadier Squad
Construct Light Support Kompanie
Panzerjäger Squad
2.5-tonne Medical Truck
Panzerjäger Squad
Fire Support Elements
le.IG 18 Mechanized Group
Tungsten Core Ammunition
Selects Veteran Gunners
Flakvierling Half-track
Pak 38 Anti-tank Gun Team
Selects Flammpanzer III Medium Tank Sd.Kfz. 141
AI Takeover
BLANT-OPS
Gouda
Rommel
15688450
Snagroot
TidaL
Ulrich Von Liechtenstein Sr.
max7716
0
0
Comments
sign in to comment!
No comments posted yet!